 Dungeon Crawl Stone Soup version 0.31-a0-232-gb1c03b2570 (webtiles) character file.

Game seed: 6840978160550183240

168 qw the Shooter (level 5, -4/41 HPs)
             Began as a Minotaur Hexslinger on July 7, 2023.
             Killed from afar by Sigmund (9 damage)
             ... with a puff of flame
             ... on level 3 of the Dungeon.
             The game lasted 00:00:54 (2103 turns).

qw the Shooter (Minotaur Hexslinger)                Turns: 2103, Time: 00:00:54

Health: -4/41      AC:  3    Str: 19    XL:     5   Next: 23%
Magic:  5/5        EV: 12    Int: 10    God:
Gold:   88         SH:  0    Dex: 14    Spells: 5/6 levels left

rFire   . . .        Y - +1 sling
rCold   . . .        (no shield)
rNeg    . . .        l - +0 leather armour
rPois   .            (helmet restricted)
rElec   .            (no cloak)
rCorr   .            (no gloves)
SInv    .            (no boots)
Will    .....        (no amulet)
Stlth   +            k - +6 ring of strength
HPRegen 0.26/turn    (no ring)
MPRegen 0.09/turn

%: no passive effects
@: no status effects
A: horns 2, retaliatory headbutt
a: no special abilities


You were on level 3 of the Dungeon.
You visited 1 branch of the dungeon, and saw 3 of its levels.

You collected 88 gold pieces.


Innate Abilities, Weirdness & Mutations

You have a pair of horns on your head.
You reflexively headbutt those who attack you in melee.


   Skills:
 + Level 2.1 Fighting
 - Level 5.8 Ranged Weapons
 - Level 2.1 Dodging
 - Level 1.0 Spellcasting
 - Level 2.0 Hexes


You had 5 spell levels left.
You knew the following spells:

 Your Spells              Type           Power      Damage    Failure   Level
a - Slow                  Hex            16%        N/A       19%         1

Your spell library contained the following spells:

 Spells                   Type           Power      Damage    Failure   Level
 Inner Flame              Hex/Fire       2%         N/A       63%         3
 Portal Projectile        Hex/Tloc       4%         N/A       63%         3
 Cause Fear               Hex            2%         N/A       87%         4

Inventory:

Hand Weapons
 Y - a +1 sling (weapon)
Armour
 l - a +0 leather armour (worn)
Jewellery
 k - a +6 ring of strength (left hand)
Scrolls
 a - 2 scrolls of identify
 c - a scroll of noise {unknown}
Potions
 b - a potion of resistance {unknown}
 e - a potion of haste
 g - a potion of enlightenment

Dungeon Overview and Level Annotations

Branches:
Dungeon (3/15)

Altars:
Makhleb

Shops:
D:3 (

Annotations:
D:3 exclusion: moth of wrath, Sigmund


Message History

The puff of flame misses you.
You shoot a sling bullet. The sling bullet hits Sigmund.
Sigmund is heavily wounded.
You shoot a sling bullet.
The sling bullet closely misses Sigmund.
Sigmund laughs darkly.
Sigmund casts a spell.
Sigmund flickers and vanishes!
Deactivating autopickup; reactivate with Ctrl-A.
A puff of flame appears from out of thin air!
The puff of flame hits you.
You shoot a sling bullet. You shoot a sling bullet.
A puff of flame appears from out of thin air!
The puff of flame hits you!
You shoot a sling bullet. You shoot a sling bullet.
Something tries to affect you, but you resist.
You shoot a sling bullet.
A magic dart appears from out of thin air!
The magic dart hits you.
You shoot a sling bullet.
You hear a zap.
A puff of flame appears from out of thin air!
The puff of flame hits you.
You shoot a sling bullet. You shoot a sling bullet.
Something hits you but does no damage.
You shoot a sling bullet. You shoot a sling bullet.
Something hits you but does no damage.
You shoot a sling bullet.
You hear a zap.
A puff of flame appears from out of thin air!
The puff of flame hits you!
You shoot a sling bullet.
You hear a zap.
A puff of flame appears from out of thin air!
The puff of flame hits you!
You die...

#######.###.###
#.# ...# #...#
#.# #.##.# #.#.#
#.# # #.....#%#
#.#.###.# ##
#.#.###.###....
#.#............
.##.#..##.#######
.....{.@..#
###.##.#### # #.
#. #. #. #. #.


There were no monsters in sight!

Vanquished Creatures
  A phantom (D:3)
  Natasha (twice) (D:3)
  2 worms (D:2)
  3 dart slugs
  2 ball pythons
  4 endoplasms (D:1)
  2 giant cockroaches (D:1)
  4 goblins
  4 hobgoblins
  2 jackals (D:3)
  4 bats
  2 frilled lizards (D:1)
  4 rats
36 creatures vanquished.

Notes
Turn   | Place    | Note
-------+----------+-------------------------------------------
     0 | D:1      | qw the Minotaur Hexslinger began the quest for the Orb.
     0 | D:1      | Reached XP level 1. HP: 16/16 MP: 1/1
     0 | D:1      | 0 ||| qw: Version: 0.3-a-46-gb1f654a
     0 | D:1      | 0 ||| qw: Game counter: 2181
     0 | D:1      | 0 ||| qw: Melee chars always use a shield: true
     0 | D:1      | 0 ||| qw: God list: Okawaru
     0 | D:1      | 0 ||| qw: Allow faded altars: false
     0 | D:1      | 0 ||| qw: Do Orc after clearing Dungeon:15 true
     0 | D:1      | 0 ||| qw: Do second Lair branch before Depths: true
     0 | D:1      | 0 ||| qw: Lair rune preference: random
     0 | D:1      | 0 ||| qw: Goals: Normal
     0 | D:1      | 0 ||| PLANNING D:1-11
   328 | D:1      | Reached skill level 3 in Ranged Weapons
   353 | D:1      | Found a faded altar of an unknown god.
   397 | D:1      | Reached XP level 2. HP: 23/23 MP: 2/2
   435 | D:1      | 435 ||| FLEEEEING.
   436 | D:1      | 436 ||| FLEEEEING.
   437 | D:1      | 437 ||| FLEEEEING.
   867 | D:1      | 867 ||| READING 3 scrolls labelled JEUPRU VABRUOG.
   868 | D:1      | 868 ||| READING 2 scrolls of identify.
   868 | D:1      | 868 ||| IDENTIFYING cyan potion
   869 | D:1      | 869 ||| DROPPING scroll of poison.
   913 | D:2      | 913 ||| FLEEEEING.
   914 | D:2      | 914 ||| FLEEEEING.
   925 | D:2      | 925 ||| FLEEEEING.
   939 | D:2      | Reached XP level 3. HP: 28/29 MP: 3/3
  1244 | D:2      | 1244 ||| FLEEEEING.
  1245 | D:2      | 1245 ||| FLEEEEING.
  1246 | D:2      | 1246 ||| FLEEEEING.
  1369 | D:2      | Reached skill level 4 in Ranged Weapons
  1575 | D:2      | 1575 ||| UPGRADING to +0 leather armour.
  1585 | D:2      | 1585 ||| DROPPING +0 robe.
  1586 | D:2      | 1586 ||| UPGRADING to +6 ring of strength.
  1587 | D:2      | 1587 ||| READING 2 scrolls labelled HUUGEHYSAQU.
  1588 | D:2      | 1588 ||| READING scroll labelled HOIRAI DYTAU.
  1589 | D:2      | 1589 ||| READING scroll labelled XODUNA OGOSH.
  1590 | D:2      | 1590 ||| READING scroll labelled MOMPULL SODO.
  1594 | D:2      | 1594 ||| READING 4 scrolls of identify.
  1594 | D:2      | 1594 ||| IDENTIFYING yellow potion
  1595 | D:2      | 1595 ||| READING 3 scrolls of identify.
  1595 | D:2      | 1595 ||| IDENTIFYING purple potion
  1596 | D:2      | 1596 ||| READING 2 scrolls of identify.
  1596 | D:2      | 1596 ||| IDENTIFYING inky potion
  1597 | D:2      | 1597 ||| DROPPING scroll of immolation.
  1598 | D:2      | 1598 ||| DROPPING potion of brilliance.
  1633 | D:3      | Found Fuv Zoiki's Weapon Emporium.
  1642 | D:3      | 1642 ||| SHOPLISTING +3 orcbow of freezing (279 gold, have
                  | 88).
  1680 | D:3      | Noticed Natasha
  1708 | D:3      | Killed Natasha
  1709 | D:3      | Reached XP level 4. HP: 23/36 MP: 4/4
  1718 | D:3      | Noticed Natasha
  1719 | D:3      | 1719 ||| FLEEEEING.
  1720 | D:3      | 1720 ||| FLEEEEING.
  1724 | D:3      | 1724 ||| FLEEEEING.
  1725 | D:3      | 1725 ||| FLEEEEING.
  1726 | D:3      | 1726 ||| FLEEEEING.
  1727 | D:3      | 1727 ||| FLEEEEING.
  1728 | D:3      | 1728 ||| FLEEEEING.
  1728 | D:3      | HP: 8/36 [Natasha/magic dart (5)]
  1729 | D:3      | 1729 ||| FLEEEEING.
  1730 | D:3      | 1730 ||| FLEEEEING.
  1731 | D:3      | 1731 ||| FLEEEEING.
  1732 | D:3      | 1732 ||| FLEEEEING.
  1735 | D:3      | 1735 ||| FLEEEEING.
  1740 | D:3      | 1740 ||| FLEEEEING.
  1745 | D:3      | HP: 1/36 [Natasha/magic dart (7)]
  1747 | D:3      | Killed Natasha
  1750 | D:3      | 1750 ||| STAIRDANCE
  1910 | D:3      | Noticed a phantom
  1918 | D:3      | Found a burning altar of Makhleb.
  1921 | D:3      | Killed a phantom
  1922 | D:3      | Reached skill level 5 in Ranged Weapons
  1922 | D:3      | Reached XP level 5. HP: 32/41 MP: 5/5
  1956 | D:3      | Identified the +2 whip of Ehuwk {flame, rF+ Dex+4}
  1988 | D:3      | Noticed a moth of wrath
  2083 | D:3      | Noticed Sigmund
  2086 | D:3      | 2086 ||| DRINKING potion of curing.
  2086 | D:3      | 2086 ||| (to cure confusion)
  2102 | D:3      | HP: 5/41 [something/puff of flame (9)]
  2103 | D:3      | Killed from afar by Sigmund

Levels and vault maps discovered:
D:1:      reono_arrival_forest_river, layout_loops_corners,
          ebering_ecumenical_altar_abandoned, minmay_misc_feat_secret_circle,
          minmay_tromino_i2
D:2:      layout_basic
D:3:      layout_loops_ring, tgw_trog, bloody_makhleb, serial_shops,
          shop_statue, minmay_cupped, uniq_sigmund, uniq_natasha

Skill      XL: |  1  2  3  4 |
---------------+-------------+-----
Ranged Weapons | 3 4 5 |  5.8
Fighting       | 2 |  2.1
Dodging        | |  2.1
Spellcasting   | |  1.0
Hexes          | |  2.0

Action                     |  1- 3 |  4- 6 || total
---------------------------+-------+-------++-------
   Fire: Sling             |   112 |    41 ||   153
    Use: Scroll            |     9 |       ||     9
         Potion            |       |     1 ||     1
 Armour: Robe              |     3 |       ||     3
         Skin              |    16 |       ||    16
         Leather armour    |     1 |     3 ||     4
  Dodge: Dodged            |    16 |     8 ||    24

Table legend:
 A = Non-vault XP
 B = Vault XP
 C = Vault XP percentage of total XP
 D = Non-vault monster count
 E = Vault monster count
 F = Vault count percentage of total count
                 A         B        C        D         E       F
            +---------+---------+-------+---------+---------+-------
      Total |     203 |      37 |  15.4 |      34 |       2 |   5.6
            +---------+---------+-------+---------+---------+-------
        D:1 |      31 |       4 |  11.4 |      19 |       1 |   5.0
        D:2 |      28 |       0 |   0.0 |      10 |       0 |   0.0
        D:3 |     144 |      33 |  18.6 |       5 |       1 |  16.7
            +---------+---------+-------+---------+---------+-------
